 Dungeon Crawl Stone Soup version 0.20.1-1-g8b1a95d (webtiles) character file.

560319 Romulous the Conqueror (level 25, -2/254 (257) HPs)
             Began as a Minotaur Fighter on Nov 1, 2017.
             Was the Champion of Okawaru.
             Slain by Dissolution (25 damage)
             ... on level 4 of the Pits of Slime on Nov 6, 2017.
             The game lasted 12:07:01 (74221 turns).

Romulous the Conqueror (Minotaur Fighter)          Turns: 74221, Time: 12:07:02

HP:   -2/254 (257)  AC: 25    Str: 33 (34) XL:     25   Next: 32%
MP:   37/37         EV: 10    Int:  5 (6)  God:    Okawaru [******]
Gold: 3292          SH: 21    Dex:  8      Spells: 24/24 levels left

rFire    + + +     SeeInvis .   f - +6 broad axe of Feilag {freeze, *Noise rPois rF+++ rC++}
rCold    + + .     Gourm    .   q - +2 shield {AC+3}
rNeg     + + .     Faith    +   t - +3 crystal plate armour
rPois    +         Spirit   .   Z - +2 hat {MR+}
rElec    .         Reflect  .   W - scarf of Objectivity {rPois rF++ rCorr}
rCorr    +         Harm     .   E - +2 pair of gloves of the Fiend {rN+ Stlth+}
MR       ++...                  c - +2 pair of boots of the Assassin {Detection Stab+ Stlth++}
Stlth    ..........             m - amulet of faith
Regen    0.6/turn               n - ring of Inwat {rF+ rN+ MP+9 Str+3 Int+3}
MPRegen  0.3/turn               s - ring of resist corrosion

@: corroded
A: retaliatory headbutt, horns 2, blink, clumsy 2, deformed body, deterioration
1, dopey 1
}: 3/15 runes: serpentine, barnacled, silver
a: Blink, Heroism, Finesse, Renounce Religion


You were on level 4 of the Pits of Slime.
You worshipped Okawaru.
Okawaru was exalted by your worship.
You were not hungry.

You visited 10 branches of the dungeon, and saw 47 of its levels.
You visited 1 bazaar.
You also visited: Ossuary, Bailey and Volcano.

You collected 5332 gold pieces.
You spent 2040 gold pieces at shops.

Inventory:

Hand Weapons
 f - the +6 broad axe of Feilag (weapon) {freeze, *Noise rPois rF+++ rC++}
   (Okawaru gifted it to you on level 6 of the Dungeon)

   It has been specially enchanted to freeze those struck by it, causing extra
   injury to most foes and up to half again as much damage against particularly
   susceptible opponents.
   It can also slow down cold-blooded creatures.
   It renders you almost immune to fire.
   It greatly protects you from cold.
   It protects you from poison.
   It may make noises in combat.
 S - the +6 battleaxe of Premature Burial {antimagic, Int+5}
   (You found it on level 5 of the Vaults)

   It reduces the magical energy of the wielder, and disrupts the spells and
   magical abilities of those hit.
   Natural abilities and divine invocations are not affected.
   It affects your intelligence (+5).
Armour
 c - the +2 pair of boots of the Assassin (worn) {Detection Stab+ Stlth++}
   (You acquired it on level 13 of the Dungeon)

   It makes you much more stealthy.
 o - a +1 cloak of magic resistance
 q - a +2 shield of protection (worn)
 r - a +1 pair of gloves of strength
 t - a +3 crystal plate armour (worn)
 v - the +5 hat of the First Planets {Str+2 Int+4 Dex-4}
   (Okawaru gifted it to you on level 2 of the Pits of Slime)

   It affects your strength (+2).
   It affects your intelligence (+4).
   It affects your dexterity (-4).
 E - the +2 pair of gloves of the Fiend (worn) {rN+ Stlth+}
   (You found it on level 5 of the Dungeon)

   It protects you from negative energy.
   It makes you more stealthy.
 V - the +1 buckler "Pysotybb" {+Blink +Fly MP-9 Dex+8}
   (You found it on level 6 of the Lair of Beasts)

   It affects your dexterity (+8).
   It affects your magic capacity (-9).
   It lets you fly.
   It lets you blink.
 W - the scarf of Objectivity (worn) {rPois rF++ rCorr}
   (Okawaru gifted it to you on level 8 of the Dungeon)

   It greatly protects you from fire.
   It protects you from poison.
   It protects you from acid and corrosion.
 Z - a +2 hat of magic resistance (worn)
Jewellery
 a - the amulet "Ziresot" {RegenMP +Inv MP+9 Dex+4}
   (You found it on level 8 of the Dungeon)

   [amulet of magic regeneration]

   It increases your magic regeneration.
   It affects your dexterity (+4).
   It affects your magic capacity (+9).
   It lets you turn invisible.
 e - an uncursed ring of positive energy
 k - the ring of the Scarab {rElec rC+ rN+}
   (You found it on level 3 of the Crypt)

   [ring of positive energy]

   It protects you from cold.
   It insulates you from electricity.
   It protects you from negative energy.
 m - an amulet of faith (around neck)
 n - the ring of Inwat (left hand) {rF+ rN+ MP+9 Str+3 Int+3}
   (You found it on level 3 of the Crypt)

   [ring of positive energy]

   It affects your strength (+3).
   It affects your intelligence (+3).
   It protects you from fire.
   It protects you from negative energy.
   It affects your magic capacity (+9).
 p - the ring "Raaduory" {MR+ MP+9 SInv}
   (You took it off a naga sharpshooter on level 4 of the Snake Pit)

   [ring of magical power]

   It affects your resistance to hostile enchantments.
   It affects your magic capacity (+9).
   It lets you see invisible.
 s - a ring of resist corrosion (right hand)
 C - an uncursed ring of protection from magic
 I - the ring "Zot Laec" {rElec rN+ MR+ Str-3}
   (You took it off a deep elf annihilator on level 2 of the Elven Halls)

   [ring of protection from magic]

   It affects your strength (-3).
   It insulates you from electricity.
   It protects you from negative energy.
   It affects your resistance to hostile enchantments.
 X - an uncursed ring of poison resistance
Wands
 F - a wand of enslavement (8/24)
 H - a wand of digging (13/24)
Scrolls
 i - 18 scrolls of remove curse
 j - 17 scrolls of teleportation
 x - 6 scrolls of recharging
 D - 5 scrolls of immolation
 J - 2 scrolls of identify
 K - 7 scrolls of fog
 N - 4 scrolls of summoning
 O - 2 scrolls of holy word
 U - 3 scrolls of silence
 Y - 13 scrolls of fear
Potions
 b - 2 potions of haste
 d - 6 potions of might
 u - 3 potions of agility
 w - 4 potions of berserk rage
 y - 4 potions of magic
 z - 4 potions of brilliance
 A - 19 potions of curing
 L - 11 potions of flight
 M - 3 potions of invisibility
 P - 10 potions of mutation
 Q - 4 potions of resistance
 T - 3 potions of cancellation
Miscellaneous
 l - a lamp of fire
 R - a lightning rod (4/4)
Comestibles
 g - 7 bread rations
 h - 15 meat rations
 G - a fruit


   Skills:
 O Level 27 Fighting
 + Level 21.4 Axes
 * Level 22.1 Armour
 + Level 5.3 Dodging
 - Level 3.1 Stealth
 O Level 27 Shields
 - Level 8.8 Invocations
 - Level 7.7 Evocations


You had 24 spell levels left.
You didn't know any spells.

Dungeon Overview and Level Annotations

Branches:
Dungeon (15/15)            Temple (1/1) D:4            Lair (6/6) D:8
 Shoals (4/4) Lair:2        Snake (4/4) Lair:3        Slime (4/5) Lair:6
    Orc (2/2) D:10            Elf (3/3) Orc:2        Vaults (5/5) D:13
  Crypt (3/3) Vaults:2       Tomb (0/3) Crypt:3      Depths (0/5) D:15

Altars:
Ashenzari
Cheibriados
Dithmenos
Elyvilon
Fedhas
Gozag
Hepliaklqana
Kikubaaqudgha
Makhleb
Nemelex Xobeh
Okawaru
Qazlal
Ru
Trog
Uskayaw
Vehumet
Xom
Yredelemnul
Zin
The Shining One
Beogh
Jiyva

Shops:
D:10 }   Orc:1 }   Orc:2 *(=[*   Elf:1 !   Elf:2 :   Shoals:1 [   Shoals:2 *
Shoals:3 ?   Vaults:1 =(![*   Vaults:2 *

Annotations:
Slime:4 Dissolution


Innate Abilities, Weirdness & Mutations

You reflexively headbutt those who attack you in melee.
You have a pair of horns on your head.
You can translocate small distances at will.
You are very clumsy. (Dex -4)
Armour fits poorly on your strangely shaped body.
Your body sometimes deteriorates upon taking damage.
You are dopey. (Int -2)


Message History

Dissolution hits you but does no damage.
The azure jelly hits you but does no damage.
The azure jelly barely misses you. The azure jelly hits you.
* * * LOW HITPOINT WARNING * * *
The azure jelly hits you but does no damage.
The floating eye pulsates ominously.
The large slime creature hits you!!
* * * LOW HITPOINT WARNING * * *
Your body deteriorates!
You feel dopey.
The slime creature hits you but does no damage. x2
You can move again.
The golden eye blinks!
The acid blob spits acid at you. You block the splash of acid.
The slime creature hits you but does no damage.
The azure jelly hits you but does no damage. x2
The azure jelly hits you.
* * * LOW HITPOINT WARNING * * *
You block the azure jelly's attack. Dissolution hits you!!
You die...

... .....
##.##.#...
##....#....
....G.....
##........#
##.##..§G......
......JGJ......
#.J@JG.....
......JJJ......
...............
..##......>....
. .............
...........>..
..............#
#............#.


You could see Dissolution, an acid blob, an azure jelly, a large slime creature,
3 slime creatures, 2 shining eyes, a floating eye and a golden eye.

Vanquished Creatures
  Khufu (Crypt:2)
  4 ancient liches
  A greater mummy (Crypt:2)
  Saint Roka (Orc:1)
  The ghost of letownia2 the Executioner, a veteran DDNe of Gozag (Vaults:5)
  A curse toe (Crypt:3)
  A golden dragon (Vaults:5)
  Jory (Vaults:4)
  A golden dragon (shapeshifter) (Vaults:5)
  2 liches (Crypt:3)
  6 tentacled monstrosities (Vaults:5)
  Asterion (Elf:3)
  2 deep elf master archers (Elf:3)
  2 titans (Vaults:5)
  10 acid blobs
  2 deep elf blademasters (Elf:3)
  2 krakens
  4 sphinxes
  8 ancient champions
  Frances (Snake:1)
  2 storm dragons
  2 revenants
  4 shadow dragons (Vaults:5)
  The ghost of Hogrash the Severer, an adept HOFi of Uskayaw (Shoals:2)
  3 azure jellies
  4 tengu reavers
  12 nagarajas
  A fire giant (shapeshifter) (Vaults:5)
  2 orc warlords (Orc:1)
  Ilsuiw (Shoals:3)
  6 frost giants
  3 fire giants
  19 vault wardens
  2 curse skulls
  Aizul (Snake:2)
  4 deep elf sorcerers
  2 deep elf elementalists
  2 ghouls (Crypt:3)
  17 ironheart preservers
  2 very ugly things (Vaults:5)
  A war gargoyle (Vaults:5)
  2 reapers
  12 stone giants
  3 vampire knights
  11 deep elf demonologists
  A juggernaut skeleton (Crypt:1)
  9 deep elf annihilators
  Azrael (D:15)
  2 large abominations (Vaults:5)
  6 eidola
  2 ettins
  A fire dragon (Vaults:3)
  13 merfolk impalers
  6 merfolk javelineers
  2 small abominations (Vaults:5)
  A crystal guardian (Vaults:3)
  9 deep elf death magi
  3 jiangshi
  Josephine (Orc:2)
  3 deep elf high priests
  10 yaktaur captains
  An ice dragon (Vaults:2)
  8 great orbs of eyes
  2 rakshasas
  33 vault guards
  An ice dragon (shapeshifter) (Vaults:5)
  14 naga warriors
  4 merfolk avatars
  Harold (Lair:1)
  4 death knights
  5 hydras
  14 anacondas
  12 ogre magi
  37 two-headed ogres
  2 catoblepae
  7 centaur warriors
  4 merfolk aquamancers
  An anaconda (shapeshifter) (Vaults:5)
  An alligator snapping turtle (Shoals:4)
  The ghost of bmj180 the Carver, a novice DrBe of Trog (Bailey)
  26 dancing weapons
  2 deep troll shamans
  A queen ant (shapeshifter) (Vaults:4)
  4 satyrs
  8 death yaks
  5 tengu warriors (D:13)
  4 deep troll earth magi
  Urug (D:15)
  5 vampire magi
  3 orc high priests (Orc:2)
  12 naga sharpshooters
  9 shock serpents
  26 deep elf knights
  3 hell knights
  Nergalle (D:11)
  6 soul eaters
  6 shadow wraiths
  16 sea snakes
  63 skeletal warriors
  15 deep trolls
  2 salamander mystics
  4 unseen horrors
  5 wizards
  An unseen horror (shapeshifter) (Vaults:1)
  23 deep elf archers
  7 flayed ghosts
  A ghost moth zombie (Crypt:1)
  A glowing orange brain (Vaults:2)
  A lindwurm (shapeshifter) (Vaults:5)
  5 naga ritualists
  11 phantasmal warriors
  An obsidian statue (Crypt:3)
  A lindwurm (Lair:6)
  17 harpies
  6 necromancers
  14 ironbrand convokers
  10 orc sorcerers
  9 cyclopes
  A mana viper (shapeshifter) (Vaults:5)
  12 mana vipers
  21 orc knights
  A faun (shapeshifter) (Vaults:5)
  3 wolf spiders
  15 fauns
  33 ugly things
  A wolf spider (shapeshifter) (Vaults:5)
  5 shining eyes
  87 deep elf magi
  20 manticores
  10 salamanders
  An oklob plant (Lair:3)
  2 frost giant skeletons
  A fire giant zombie (Crypt:1)
  A stone giant skeleton (Crypt:3)
  23 elephants
  A sphinx skeleton (Crypt:1)
  10 guardian serpents
  21 naga magi
  9 water nymphs
  20 black mambas
  14 merfolk sirens
  16 vault sentinels
  An eye of devastation (shapeshifter) (Vaults:5)
  An emperor scorpion zombie (Crypt:1)
  A green draconian zombie (Crypt:3)
  A gargoyle (Volcano)
  A molten gargoyle (Volcano)
  10 spiny frogs
  A pale draconian zombie (Crypt:1)
  A purple draconian zombie (Crypt:1)
  2 kobold demonologists
  2 centaur skeletons
  A rime drake (Lair:2)
  50 yaktaurs
  11 freezing wraiths
  A grey draconian zombie (Crypt:2)
  A swamp worm zombie (Crypt:3)
  2 tengu conjurers (D:13)
  10 komodo dragons
  37 merfolk
  A queen ant zombie (Crypt:2)
  7 wind drakes
  9 trolls
  A queen bee (shapeshifter) (Elf:1)
  29 blink frogs
  A wind drake (shapeshifter) (Vaults:1)
  5 hornets
  123 slime creatures
  7 hippogriffs
  A death drake skeleton (Crypt:1)
  8 dream sheep
  An iron dragon simulacrum (Crypt:1)
  A fire giant simulacrum (Vaults:1)
  12 snapping turtles
  2 flying skulls
  A redback (Lair:6)
  A vampire (D:10)
  9 wyverns
  18 water elementals
  2 black mamba zombies (Crypt:3)
  2 shadows
  4 fire elementals
  3 basilisks
  2 fire bats (Volcano)
  21 yaks
  17 wraiths
  4 hogs (D:8)
  8 golden eyes
  A yaktaur simulacrum (Vaults:2)
  A human (D:8)
  4 hungry ghosts
  32 wargs
  4 vampire mosquitoes (D:13)
  87 nagas
  24 water moccasins
  5 hell hounds (D:15)
  A faun skeleton (Crypt:2)
  11 porcupines
  Duvessa (D:5)
  A swamp drake (shapeshifter) (Vaults:4)
  4 black bears
  5 ice beasts
  A hornet zombie (Crypt:1)
  A swamp drake (D:10)
  3 necrophages
  3 eyes of draining
  69 orc warriors
  6 phantoms
  2 sky beasts
  4 boggarts (Vaults:2)
  32 ogres
  20 wolves
  7 centaurs
  An orc skeleton (Vaults:1)
  13 crocodiles
  13 big kobolds
  A hog skeleton (Crypt:2)
  25 bullfrogs
  Blork the orc (D:5)
  Dowan (D:5)
  4 earth elementals
  3 wyvern skeletons
  A raiju zombie (Crypt:1)
  2 scorpions
  A polar bear zombie (Crypt:3)
  A water moccasin skeleton (D:8)
  3 human simulacra
  7 killer bees
  3 wights (D:8)
  A spriggan skeleton (Crypt:3)
  A howler monkey (D:8)
  4 electric eels
  6 lava snakes (Volcano)
  4 centaur zombies
  7 crimson imps
  4 bullfrog zombies
  2 quasits
  4 hounds
  2 human zombies
  3 jellies
  42 orc priests
  A black bear skeleton (Crypt:1)
  3 iguanas
  37 orc wizards
  12 worker ants
  3 big kobold zombies (Ossuary)
  A naga zombie (Crypt:3)
  3 hound zombies
  6 mummies
  A worker ant zombie (D:7)
  3 gnolls (D:8)
  4 adders
  A river rat (shapeshifter) (Vaults:2)
  A shadow imp (D:9)
  An ooze (D:5)
  An adder skeleton (D:8)
  5 worms
  6 leopard geckos
  176 orcs
  8 giant cockroaches
  2 gnoll zombies (Ossuary)
  3 goblins
  2 hobgoblins (D:1)
  8 jackals
  17 kobolds
  7 quokkas
  A ball python (D:8)
  5 bats
  2 frilled lizards
  A hobgoblin zombie (Crypt:2)
  2 jackal skeletons
  A kobold zombie (Ossuary)
  An orc zombie (Ossuary)
  2 quokka zombies
  3 rats
  4 crawling corpses
  3 fungi
  21 plants
  8 tentacles
2345 creatures vanquished.

Vanquished Creatures (others)
  A deep elf knight (Elf:1)
  A black mamba (Snake:2)
  An ogre (Vaults:3)
  An orc priest (Orc:2)
  An orc (Orc:2)
  21 fungi
  31 plants
  20 tentacles
77 creatures vanquished.

Grand Total: 2422 creatures vanquished

Notes
Turn   | Place    | Note
-------+----------+-------------------------------------------
     0 | D:1      | Romulous the Minotaur Fighter began the quest for the Orb.
     0 | D:1      | Reached XP level 1. HP: 19/19 MP: 0/0
  1090 | D:2      | Reached XP level 2. HP: 27/27 MP: 1/1
  1208 | D:2      | Found a basalt altar of Yredelemnul.
  1251 | D:2      | Found a faded altar of an unknown god.
  1302 | D:2      | Reached XP level 3. HP: 33/33 MP: 2/2
  2024 | D:3      | Reached XP level 4. HP: 40/40 MP: 3/3
  2250 | D:4      | Noticed a bullfrog
  2255 | D:4      | Killed a bullfrog
  2255 | D:4      | Reached XP level 5. HP: 47/47 MP: 4/4
  2309 | D:4      | Found a staircase to the Ecumenical Temple.
  2318 | Temple   | Entered the Ecumenical Temple
  2445 | Temple   | Became a worshipper of Warmaster Okawaru
  2530 | D:4      | Found a hazy altar of Hepliaklqana.
  2919 | D:5      | Entered Level 5 of the Dungeon
  2951 | D:5      | Noticed Blork the orc
  2953 | D:5      | Got a pair of transparent gloves
  2960 | D:5      | Killed Blork the orc
  2960 | D:5      | Reached skill level 5 in Axes
  3048 | D:5      | Identified the +2 pair of gloves of the Fiend {rN+ Stlth+} (You found it on level 5 of the Dungeon)
  3096 | D:5      | Reached skill level 5 in Shields
  3096 | D:5      | Reached XP level 6. HP: 53/53 MP: 5/5
  3135 | D:5      | Reached * piety under Okawaru
  3135 | D:5      | Reached skill level 5 in Armour
  3249 | D:5      | Noticed Dowan
  3250 | D:5      | Noticed Duvessa
  3258 | D:5      | Killed Duvessa
  3258 | D:5      | Reached XP level 7. HP: 54/60 MP: 6/6
  3274 | D:5      | Killed Dowan
  3274 | D:5      | Reached skill level 5 in Fighting
  3883 | D:6      | Reached ** piety under Okawaru
  4007 | D:6      | Reached XP level 8. HP: 61/69 MP: 7/7
  4152 | D:6      | Found a sand-covered staircase.
  4156 | Ossuary  | Entered an ossuary
  4503 | D:6      | Noticed a two-headed ogre
  4511 | D:6      | Killed a two-headed ogre
  4511 | D:6      | Reached *** piety under Okawaru
  4511 | D:6      | Reached XP level 9. HP: 49/78 MP: 8/8
  4672 | D:6      | Reached skill level 10 in Axes
  5399 | D:7      | Reached **** piety under Okawaru
  5501 | D:7      | Found a hide-covered altar of Uskayaw.
  5505 | D:7      | Found a burning altar of Makhleb.
  5703 | D:7      | Reached ***** piety under Okawaru
  5709 | D:7      | Received a gift from Okawaru
  5709 | D:7      | Reached XP level 10. HP: 25/88 MP: 9/9
  6190 | D:7      | Noticed an orc knight
  6280 | D:7      | Noticed an orc knight
  6789 | D:5      | Killed an orc knight
  7096 | D:6      | HP: 1/88 [orc knight/battleaxe (14)]
  7139 | D:6      | Killed an orc knight
  7139 | D:6      | Received a gift from Okawaru
  7139 | D:6      | Reached skill level 1 in Dodging
  7142 | D:6      | Got a steaming broad axe {god gift}
  7143 | D:6      | Identified the +6 broad axe of Feilag {freeze, *Noise rPois rF+++ rC++} (Okawaru gifted it to you on level 6 of the Dungeon)
  8164 | D:8      | Noticed a two-headed ogre
  8169 | D:8      | Killed a two-headed ogre
  8202 | D:8      | Got a coiled copper amulet
  8203 | D:8      | Identified the amulet "Ziresot" {RegenMP +Inv MP+9 Dex+4} (You found it on level 8 of the Dungeon)
  8326 | D:8      | Found a staircase to the Lair.
  8331 | D:8      | Reached XP level 11. HP: 97/97 MP: 10/10
  8383 | D:8      | Found a sacrificial altar of Ru.
  8497 | D:8      | Noticed a two-headed ogre
  8503 | D:8      | Killed a two-headed ogre
  8503 | D:8      | Received a gift from Okawaru
  8506 | D:8      | Got a faintly glowing scarf {god gift}
  8558 | D:8      | Identified the scarf of Objectivity {rPois rF++ rCorr} (Okawaru gifted it to you on level 8 of the Dungeon)
  8568 | D:8      | Noticed a two-headed ogre
  8625 | D:8      | Killed a two-headed ogre
  8976 | D:8      | Found a glowing silver altar of Zin.
  8976 | D:8      | Noticed an angel
  8980 | D:8      | Found a shimmering altar of Xom.
  9133 | D:8      | Noticed a two-headed ogre
  9141 | D:8      | Killed a two-headed ogre
  9250 | D:8      | Noticed a two-headed ogre
  9256 | D:8      | Killed a two-headed ogre
  9256 | D:8      | Reached skill level 1 in Stealth
  9685 | Lair:1   | Entered Level 1 of the Lair of Beasts
  9702 | Lair:1   | Noticed Harold
  9713 | Lair:1   | Reached skill level 10 in Armour
  9722 | Lair:1   | Killed Harold
 10164 | Lair:1   | Reached skill level 15 in Axes
 10500 | Lair:1   | Reached skill level 10 in Fighting
 10702 | Lair:2   | Reached skill level 10 in Shields
 10954 | Lair:2   | Noticed a catoblepas
 10965 | Lair:2   | Reached XP level 12. HP: 92/106 MP: 11/11
 10972 | Lair:2   | Reached ****** piety under Okawaru
 10978 | Lair:2   | Killed a catoblepas
 10983 | Lair:2   | Received a gift from Okawaru
 10986 | Lair:2   | Got a pair of blackened boots {god gift}
 10997 | Lair:2   | Identified the +0 pair of boots "Pokhuudgh" {MP+9} (Okawaru gifted it to you on level 2 of the Lair of Beasts)
 11074 | Lair:2   | Found a dark tunnel.
 11083 | Volcano  | Entered a volcano
 11482 | Volcano  | Found a radiant altar of Vehumet.
 11486 | Volcano  | Noticed a two-headed ogre
 11489 | Volcano  | Noticed a two-headed ogre
 11490 | Volcano  | Noticed a two-headed ogre
 11493 | Volcano  | Noticed an ogre mage
 11496 | Volcano  | Killed a two-headed ogre
 11500 | Volcano  | Killed a two-headed ogre
 11504 | Volcano  | Killed a two-headed ogre
 11507 | Volcano  | Killed an ogre mage
 11513 | Volcano  | Noticed a two-headed ogre
 11524 | Volcano  | Killed a two-headed ogre
 11839 | Lair:2   | Found a staircase to the Shoals.
 12410 | Lair:3   | Received a gift from Okawaru
 12426 | Lair:3   | Got a pair of faintly humming gloves {god gift}
 12437 | Lair:3   | Identified the +0 pair of gloves "Hopusapt" {rF- rN++} (Okawaru gifted it to you on level 3 of the Lair of Beasts)
 12503 | Lair:3   | Found a staircase to the Snake Pit.
 12698 | Lair:3   | Reached XP level 13. HP: 106/116 MP: 12/12
 13237 | Lair:4   | Received a gift from Okawaru
 13532 | Lair:4   | Received a gift from Okawaru
 15263 | Lair:6   | Entered Level 6 of the Lair of Beasts
 15372 | Lair:6   | Found a viscous altar of Jiyva.
 15372 | Lair:6   | Found a staircase to the Slime Pits.
 15707 | Lair:6   | Reached XP level 14. HP: 66/127 MP: 13/13
 16049 | Lair:6   | Received a gift from Okawaru
 16060 | Lair:6   | Got an ancient hand axe {god gift}
 16160 | Lair:6   | Got a heavily runed buckler
 16171 | Lair:6   | Identified the +1 buckler "Pysotybb" {+Blink +Fly MP-9 Dex+8} (You found it on level 6 of the Lair of Beasts)
 17367 | Lair:6   | Identified the +1 hand axe of Zaoq Vopelli {holy, -Tele Str+10 Int-3 Dex+4} (Okawaru gifted it to you on level 6 of the Lair of Beasts)
 17458 | Snake:1  | Entered Level 1 of the Snake Pit
 17918 | Snake:1  | Received a gift from Okawaru
 17921 | Snake:1  | Got a slimy arbalest {god gift}
 18238 | Snake:1  | Reached skill level 1 in Evocations
 18783 | Snake:2  | Noticed Frances
 18892 | Snake:2  | Noticed Aizul
 18910 | Snake:2  | Killed Aizul
 18910 | Snake:2  | Received a gift from Okawaru
 18911 | Snake:2  | Noticed a nagaraja
 19415 | Snake:1  | Reached XP level 15. HP: 118/139 MP: 16/16
 19527 | Snake:2  | Noticed a nagaraja
 19546 | Snake:2  | Killed a nagaraja
 19566 | Snake:2  | Received a gift from Okawaru
 20048 | Snake:2  | Killed a nagaraja
 20496 | Snake:1  | Killed Frances
 21002 | Snake:3  | Reached skill level 15 in Fighting
 21317 | Snake:3  | Found a hazy altar of Hepliaklqana.
 21512 | Snake:3  | Received a gift from Okawaru
 21579 | Snake:3  | Noticed a nagaraja
 21597 | Snake:3  | Killed a nagaraja
 21848 | Snake:3  | Reached skill level 15 in Armour
 22309 | Snake:3  | Reached skill level 5 in Evocations
 23077 | Snake:4  | Entered Level 4 of the Snake Pit
 23947 | Snake:4  | Noticed a nagaraja
 24373 | Snake:4  | Killed a nagaraja
 24373 | Snake:4  | Received a gift from Okawaru
 24398 | Snake:4  | Noticed a nagaraja
 24408 | Snake:4  | Killed a nagaraja
 24408 | Snake:4  | Reached XP level 16. HP: 88/151 MP: 19/19
 24599 | Snake:4  | Got a wavering steel ring
 24683 | Snake:4  | Identified the ring "Raaduory" {MR+ MP+9 SInv} (You took it off a naga sharpshooter on level 4 of the Snake Pit)
 26163 | Snake:4  | Received a gift from Okawaru
 26165 | Snake:4  | Reached skill level 15 in Shields
 26200 | Snake:4  | Got a fine war axe {god gift}
 26201 | Snake:4  | Identified the +8 war axe "Hazaat" {flame, +Rage} (Okawaru gifted it to you on level 4 of the Snake Pit)
 26947 | Snake:4  | Received a gift from Okawaru
 27336 | Snake:4  | Got a serpentine rune of Zot
 27764 | Shoals:1 | Entered Level 1 of the Shoals
 27823 | Shoals:1 | Found a runed door.
 28007 | Shoals:1 | Reached XP level 17. HP: 144/162 MP: 21/21
 28304 | Shoals:1 | Found Najos's Armour Boutique.
 28688 | Shoals:1 | Received a gift from Okawaru
 29054 | Shoals:1 | Reached skill level 1 in Invocations
 29079 | Shoals:2 | Noticed Hogrash's ghost (adept HOFi)
 29101 | Shoals:2 | Killed Hogrash's ghost
 30056 | Shoals:2 | Found Qot Goqo's General Store.
 30096 | Shoals:2 | Bought a scroll of enchant armour for 127 gold pieces
 31068 | Shoals:3 | Found a bloodstained altar of Trog.
 31113 | Shoals:3 | Noticed a kraken
 31124 | Shoals:3 | Killed a kraken
 31310 | Shoals:3 | Found Bucw's Magic Scroll Boutique.
 31567 | Shoals:4 | Entered Level 4 of the Shoals
 31606 | Shoals:4 | Noticed Ilsuiw
 31632 | Shoals:3 | Killed Ilsuiw
 31759 | Shoals:4 | Received a gift from Okawaru
 33059 | Shoals:4 | Received a gift from Okawaru
 33086 | Shoals:4 | Reached skill level 5 in Invocations
 33196 | Shoals:4 | Noticed a kraken
 33351 | Shoals:4 | Killed a kraken
 33351 | Shoals:4 | Reached XP level 18. HP: 137/176 MP: 22/22
 33831 | Shoals:4 | Received a gift from Okawaru
 34099 | Shoals:4 | Got a barnacled rune of Zot
 34956 | D:9      | Found a shadowy altar of Dithmenos.
 35032 | D:9      | Found a white marble altar of Elyvilon.
 35489 | D:10     | Entered Level 10 of the Dungeon
 35757 | D:10     | Found Jonaf's Gadget Boutique.
 35766 | D:10     | Found an iron altar of Okawaru.
 35792 | D:10     | Got a bloodstained chain mail
 35803 | D:10     | Identified the +0 chain mail of Qucu {Str+4 Dex+4} (You found it on level 10 of the Dungeon)
 36075 | D:10     | Found a staircase to the Orcish Mines.
 36564 | Orc:1    | Entered Level 1 of the Orcish Mines
 36629 | Orc:1    | Found a flagged portal.
 36642 | Bailey   | Entered a bailey
 36704 | Bailey   | Noticed bmj180's ghost (novice DrBe)
 36730 | Bailey   | Killed bmj180's ghost
 37105 | Bailey   | Found a roughly hewn altar of Beogh.
 37217 | Orc:1    | Found Hiej Jen's Gadget Emporium.
 37406 | Orc:1    | Found a roughly hewn altar of Beogh.
 37879 | Orc:2    | Entered Level 2 of the Orcish Mines
 37879 | Orc:2    | Noticed Saint Roka
 38784 | Orc:1    | Killed Saint Roka
 39244 | Orc:2    | Noticed Josephine
 39744 | Orc:2    | Killed Josephine
 39870 | Orc:2    | Received a gift from Okawaru
 40165 | Orc:2    | Found Foiniunt's General Store.
 40203 | Orc:2    | Found Sirghe Soisi's Jewellery Emporium.
 40206 | Orc:2    | Found Tilaesa's Antique Armour Emporium.
 40206 | Orc:2    | Found Hageasay's Antique Weapon Shoppe.
 40275 | Orc:2    | Bought a scroll of identify for 32 gold pieces
 40275 | Orc:2    | Bought a potion of mutation for 128 gold pieces
 40318 | Orc:2    | Found a staircase to the Elven Halls.
 40434 | Orc:2    | Found Xiotiowa's General Store.
 40460 | Orc:2    | Bought a scroll of identify for 30 gold pieces
 41235 | D:11     | Noticed Nergalle
 41240 | D:11     | Killed Nergalle
 42103 | D:12     | Found a shattered altar of Ashenzari.
 42883 | D:13     | Reached XP level 19. HP: 179/185 MP: 23/23
 42888 | D:13     | Found a gate to the Vaults.
 42986 | D:13     | Identified a scroll of acquirement
 43374 | D:13     | Found a glowing golden altar of the Shining One.
 44365 | D:15     | Entered Level 15 of the Dungeon
 44380 | D:15     | Found an iron altar of Okawaru.
 44435 | D:15     | Received a gift from Okawaru
 44489 | D:15     | Noticed Urug
 44497 | D:15     | Killed Urug
 44631 | D:15     | Noticed Azrael
 44650 | D:15     | Killed Azrael
 44988 | D:15     | Found a basalt altar of Yredelemnul.
 45030 | D:15     | Received a gift from Okawaru
 45278 | D:15     | Found a staircase to the Depths.
 45773 | Elf:1    | Entered Level 1 of the Elven Halls
 46301 | Elf:1    | Received a gift from Okawaru
 47199 | Elf:1    | Found Kehuet's Distillery.
 47297 | Elf:1    | Bought a potion of heal wounds for 95 gold pieces
 47297 | Elf:1    | Bought a potion of heal wounds for 95 gold pieces
 47668 | Elf:1    | Identified the Volume of Battle Magic and Summoning
 48319 | Elf:2    | Found an ancient bone altar of Kikubaaqudgha.
 48405 | Elf:2    | Found a runed gate.
 48405 | Elf:2    | Found a runed gate.
 48406 | Elf:2    | Found a runed gate.
 48890 | Elf:2    | Reached XP level 20. HP: 198/198 MP: 25/25
 48955 | Elf:2    | Found Axke's Book Emporium.
 49114 | Elf:2    | Received a gift from Okawaru
 49925 | Elf:3    | Entered Level 3 of the Elven Halls
 51153 | Elf:3    | Received a gift from Okawaru
 51154 | Elf:3    | Got a fine cloak {god gift}
 51203 | Elf:2    | Identified the +2 cloak "Efiracenet" {Int+4} (Okawaru gifted it to you on level 3 of the Elven Halls)
 51851 | Elf:2    | Got a pitted wooden ring
 51853 | Elf:2    | Identified the ring "Zot Laec" {rElec rN+ MR+ Str-3} (You took it off a deep elf annihilator on level 2 of the Elven Halls)
 52033 | Elf:3    | Identified Sif Muna's Disquisition on Good Luck and the Glacier
 52426 | Elf:3    | Noticed Asterion
 52445 | Elf:3    | Killed Asterion
 53436 | Vaults:1 | Entered Level 1 of the Vaults
 54017 | Vaults:1 | Found Diry's Distillery.
 54025 | Vaults:1 | Bought a potion of invisibility for 112 gold pieces
 54025 | Vaults:1 | Bought a potion of curing for 42 gold pieces
 54025 | Vaults:1 | Bought a potion of curing for 42 gold pieces
 54025 | Vaults:1 | Bought a potion of mutation for 112 gold pieces
 54025 | Vaults:1 | Bought a potion of heal wounds for 70 gold pieces
 54346 | Vaults:1 | Received a gift from Okawaru
 54650 | Vaults:1 | Reached XP level 21. HP: 207/210 MP: 26/26
 54819 | Vaults:1 | Found Jafeopp's Assorted Antiques.
 54899 | Vaults:1 | Found Xiacioky's Antique Armour Shoppe.
 55202 | Vaults:1 | Found Plog's Weapon Shop.
 55214 | Vaults:1 | Found Zues's Jewellery Shoppe.
 55222 | Vaults:1 | Received a gift from Okawaru
 55241 | Vaults:1 | Got an iridescent war axe {god gift}
 55242 | Vaults:1 | Identified the +7 war axe of Ullan {protect, rF+ rC+++} (Okawaru gifted it to you on level 1 of the Vaults)
 55707 | Vaults:2 | Found Girphoucw's Assorted Antiques.
 55714 | Vaults:2 | Bought a scroll of acquirement for 1092 gold pieces
 55714 | Vaults:2 | Bought a potion of curing for 63 gold pieces
 55733 | Vaults:2 | Received a gift from Okawaru
 55777 | Vaults:2 | Reached skill level 5 in Dodging
 55801 | Vaults:2 | Got a pair of twisted boots
 55812 | Vaults:2 | Identified the +0 pair of boots of the Lost Tables {Str+2 Stlth+} (You acquired it on level 2 of the Vaults)
 56091 | Vaults:2 | Got a polished flail
 56092 | Vaults:2 | Identified the +6 flail "Gaufeirph" {freeze, rPois MR+ Stlth+} (You found it on level 2 of the Vaults)
 56430 | Vaults:2 | Received a gift from Okawaru
 57002 | Vaults:2 | Found a staircase to the Crypt.
 57012 | Vaults:2 | Received a gift from Okawaru
 57660 | Vaults:3 | Found a flickering gateway to a bazaar.
 57669 | Bazaar   | Entered a bazaar
 57669 | Bazaar   | Found Siluicai's Food Emporium.
 57669 | Bazaar   | Found Ettabora's Antique Weapon Shoppe.
 57669 | Bazaar   | Found Necwued's Antique Weapon Shop.
 57671 | Bazaar   | Found Edosche's Weapon Boutique.
 57671 | Bazaar   | Found Suwk's Food Shoppe.
 58404 | Vaults:3 | Reached XP level 22. HP: 223/223 MP: 27/27
 58642 | Vaults:3 | Received a gift from Okawaru
 58943 | Vaults:4 | Received a gift from Okawaru
 59493 | Vaults:4 | Noticed Jory
 59523 | Vaults:4 | Killed Jory
 60220 | Vaults:4 | Received a gift from Okawaru
 61282 | Vaults:5 | Entered Level 5 of the Vaults
 61553 | Vaults:4 | Received a gift from Okawaru
 61573 | Vaults:4 | Got a slimy fustibalus {god gift}
 61671 | Vaults:5 | Noticed an ancient lich
 61692 | Vaults:5 | Killed an ancient lich
 61692 | Vaults:5 | Received a gift from Okawaru
 61726 | Vaults:5 | Got a twisted battleaxe
 61731 | Vaults:5 | Identified the +6 battleaxe of Premature Burial {antimagic, Int+5} (You found it on level 5 of the Vaults)
 61888 | Vaults:5 | Received a gift from Okawaru
 61888 | Vaults:5 | Reached XP level 23. HP: 127/234 MP: 28/28
 61972 | Vaults:5 | Noticed a juggernaut
 61975 | Vaults:5 | Noticed a shard shrike
 61980 | Vaults:5 | Noticed a juggernaut
 61980 | Vaults:5 | a shard shrike changed into a juggernaut
 61981 | Vaults:5 | a juggernaut changed into an acid blob
 63553 | Vaults:5 | Got a crystal scimitar
 63554 | Vaults:5 | Identified the cursed +0 scimitar of Diet Blood {slice, Fragile rElec rN+ Dex+3} (You found it on level 5 of the Vaults)
 63764 | Vaults:5 | Got a silver rune of Zot
 63771 | Vaults:5 | Received a gift from Okawaru
 64129 | Vaults:5 | Noticed letownia2's ghost (veteran DDNe)
 64613 | Vaults:5 | Killed letownia2's ghost
 64613 | Vaults:5 | Received a gift from Okawaru
 65400 | Vaults:3 | Received a gift from Okawaru
 65525 | Crypt:1  | Entered Level 1 of the Crypt
 66401 | Crypt:1  | Reached XP level 24. HP: 223/247 MP: 28/28
 67578 | Crypt:2  | Reached skill level 27 in Fighting
 67691 | Crypt:2  | Received a gift from Okawaru
 68554 | Crypt:3  | Entered Level 3 of the Crypt
 68577 | Crypt:3  | Noticed an ancient lich
 68592 | Crypt:3  | Killed an ancient lich
 69243 | Crypt:3  | Noticed Khufu
 69699 | Crypt:3  | Noticed a greater mummy
 70207 | Crypt:2  | Killed a greater mummy
 70212 | Crypt:2  | Killed Khufu
 70437 | Crypt:3  | Received a gift from Okawaru
 70769 | Crypt:3  | Noticed an ancient lich
 71061 | Crypt:3  | Noticed an ancient lich
 71111 | Crypt:3  | Killed an ancient lich
 71123 | Crypt:3  | Killed an ancient lich
 71187 | Crypt:3  | Got a brightly glowing wooden ring
 71187 | Crypt:3  | Got a pitted lead ring
 71188 | Crypt:3  | Identified the ring of the Scarab {rElec rC+ rN+} (You found it on level 3 of the Crypt)
 71189 | Crypt:3  | Identified the ring of Inwat {rF+ rN+ MP+9 Str+3 Int+3} (You found it on level 3 of the Crypt)
 71518 | Crypt:3  | Received a gift from Okawaru
 71553 | Crypt:3  | Found a staircase to the Tomb.
 72446 | Slime:1  | Entered Level 1 of the Pits of Slime
 72476 | Slime:1  | Reached XP level 25. HP: 240/254 MP: 28/28
 72614 | Slime:1  | Gained mutation: Your body sometimes deteriorates upon taking damage. [a shining eye]
 72853 | Slime:2  | Reached skill level 27 in Shields
 72926 | Slime:2  | Gained mutation: You are dopey. (Int -2) [a shining eye]
 72948 | Slime:2  | Received a gift from Okawaru
 72951 | Slime:2  | Identified the +5 hat of the First Planets {Str+2 Int+4 Dex-4} (Okawaru gifted it to you on level 2 of the Pits of Slime)
 73847 | Slime:3  | Gained mutation: You are clumsy. (Dex -2) [a shining eye]
 73863 | Slime:3  | Gained mutation: You are very clumsy. (Dex -4) [a shining eye]
 73865 | Slime:3  | Gained mutation: Armour fits poorly on your strangely shaped body. [a shining eye]
 74065 | Slime:4  | Noticed Dissolution
 74073 | Slime:4  | Paralysed by a floating eye for 2 turns
 74216 | Slime:4  | Gained mutation: You can translocate small distances at will. [a shining eye]
 74217 | Slime:4  | Paralysed by a floating eye for 3 turns
 74221 | Slime:4  | Slain by Dissolution

Skill      XL: |  1  2  3  4  5  6  7  8  9 10 11 12 13 14 15 16 17 18 19 20 21 22 23 24 25 |
---------------+----------------------------------------------------------------------------+-----
Armour         | 4 5 6 8 9 10 11 12 14 15 16 17 18 19 20 21 22 | 22.1
Shields        | 4 5 6 7 8 9 10 11 12 13 14 15 16 18 19 21 22 24 25 26 27 | 27.0
Axes           | 3 4 5 6 8 9 11 13 15 17 18 19 20 21 | 21.4
Fighting       | 4 5 6 7 9 10 11 12 14 15 17 19 20 21 22 24 25 26 27 | 27.0
Dodging        | 1 2 3 4 5 |  5.3
Stealth        | 1 2 3 |  3.1
Evocations     | 3 5 7 |  7.7
Invocations    | 5 7 8 |  8.8

Action                   |  1- 3 |  4- 6 |  7- 9 | 10-12 | 13-15 | 16-18 | 19-21 | 22-24 | 25-27 || total
-------------------------+-------+-------+-------+-------+-------+-------+-------+-------+-------++-------
Melee: War axe           |   116 |    63 |   289 |    90 |       |     3 |       |       |       ||   561
       Headbutt          |    22 |    14 |    57 |   110 |   272 |   470 |   397 |   562 |    58 ||  1962
       Broad axe         |       |       |       |   372 |   840 |  1663 |  1604 |  1621 |   188 ||  6288
Invok: Finesse           |       |       |       |       |       |     1 |       |     4 |       ||     5
 Abil: Evoke Blink       |       |       |       |       |     1 |       |       |       |       ||     1
Evoke: Wand              |       |       |     3 |       |       |     9 |       |       |       ||    12
  Use: Scroll            |       |     3 |     3 |     5 |     9 |    14 |    14 |    14 |     1 ||    63
       Potion            |       |       |     1 |     3 |     4 |     2 |       |    11 |     1 ||    22
 Stab: Petrified         |       |       |       |       |     3 |       |       |       |       ||     3
       Petrifying        |       |       |       |       |     2 |       |       |       |       ||     2
       Distracted        |       |       |       |       |       |       |     2 |       |       ||     2
  Eat: Chunk             |     2 |     1 |     2 |     8 |     7 |    22 |    20 |     2 |       ||    64
       Bread ration      |     1 |       |     2 |     2 |     2 |     4 |       |       |       ||    11
       Royal jelly       |       |       |       |     2 |     5 |     7 |     6 |     1 |     1 ||    22
       Fruit             |       |       |       |     3 |     3 |     4 |    11 |     7 |       ||    28
       Meat ration       |       |       |       |       |     2 |       |     2 |     7 |     1 ||    12
Armor: Plate armour      |    57 |    36 |   116 |   160 |   362 |   729 |   565 |    56 |       ||  2081
       Scale mail        |     3 |       |       |       |       |       |       |       |       ||     3
       Crystal plate arm |       |       |       |       |       |       |       |   645 |   100 ||   745
Dodge: Dodged            |    15 |     9 |    41 |    77 |   192 |   504 |   261 |   281 |    31 ||  1411
Block: Shield            |    55 |    28 |   158 |   244 |   164 |   592 |  1127 |  1148 |   116 ||  3632
       Buckler           |       |       |       |       |   201 |   448 |       |       |       ||   649
